 Dungeon Crawl Stone Soup version 0.29.1-1-gd02db6906a (webtiles) character file.

Game seed: 13210377381238785073

40 fireball365 the Digger (level 3, -1/26 HPs)
             Began as a Demigod Earth Elementalist on Oct 6, 2022.
             Slain by a hobgoblin (2 damage)
             ... led by Robin
             ... on level 2 of the Dungeon.
             The game lasted 00:04:45 (1257 turns).

fireball365 the Digger (Demigod Earth Elementalist) Turns: 1257, Time: 00:04:46

Health: -1/26      AC:  2    Str: 13    XL:     3   Next: 14%
Magic:  9/9        EV: 12    Int: 17    God:
Gold:   29         SH:  0    Dex: 14    Spells: 5/6 levels left

rFire   . . .      SeeInvis .   g - +0 hand axe
rCold   . . .      Faith    .   (no shield)
rNeg    . . .      Spirit   .   a - +0 robe
rPois   .          Reflect  .   (no helmet)
rElec   .          Harm     .   (no cloak)
rCorr   .          Rampage  .   (no gloves)
Will    .....                   (no boots)
Stlth   ++........              (no amulet)
HPRegen 0.08/turn               (no ring)
MPRegen 0.11/turn               (no ring)

@: no status effects
A: high MP 1, forlorn, divine attributes
a: no special abilities


You were on level 2 of the Dungeon.
You visited 1 branch of the dungeon, and saw 2 of its levels.

You collected 29 gold pieces.

Inventory:

Hand Weapons
 g - a +0 hand axe (weapon)
 i - a +0 mace
Missiles
 e - 14 stones
Armour
 a - a +0 robe (worn)
 f - a +0 leather armour
Scrolls
 h - a scroll of amnesia {unknown}
Potions
 c - a potion of brilliance


   Skills:
 + Level 0.1 Fighting
 + Level 2.0 Dodging
 + Level 2.0 Stealth
 + Level 2.4 Spellcasting
 + Level 0.8 Transmutations
 + Level 3.2 Earth Magic


You had 5 spell levels left.
You knew the following spells:

 Your Spells              Type           Power      Damage    Failure   Level
a - Sandblast             Erth           26%        2d8       4%          1

Your spell library contained the following spells:

 Spells                   Type           Power      Damage    Failure   Level
 Passwall                 Tmut/Erth      7%         N/A       12%         2
 Stone Arrow              Conj/Erth      14%        3d7       28%         3
 Petrify                  Tmut/Erth      9%         N/A       63%         4


Dungeon Overview and Level Annotations

Branches:
Dungeon (2/15)

Annotations:
D:2 Robin


Innate Abilities, Weirdness & Mutations

You have an increased reservoir of magic. (+10% MP)
You shall have no god before yourself.
Your divine heritage dramatically boosts your attributes as you level up.


Message History

The blast of sand hits the hobgoblin.
The hobgoblin is heavily wounded.
A goblin comes into view. It is wielding a +2 dagger of venom.
The hobgoblin hits you.
The blast of sand hits the hobgoblin!
You kill the hobgoblin!
The blast of sand hits the goblin.
The goblin is severely wounded.
A goblin comes into view. It is wielding a +0 dagger.
The goblin barely misses you. The goblin misses you.
The blast of sand hits the goblin!
You kill the goblin!
The goblin hits you with a +0 club. The goblin hits you with a +0 dagger.
The blast of sand hits the goblin!
You kill the goblin!
The goblin barely misses you.
Robin of the Strong Arm comes into view.
They are wielding a +0 club and carrying a wand of roots (15).
The goblin closely misses you.
Robin moves out of view.
The blast of sand hits the hobgoblin.
The hobgoblin is heavily wounded.
The goblin hits you with a +0 dagger. The hobgoblin hits you.
* * * LOW HITPOINT WARNING * * *
You are too injured to fight recklessly!
Magic courses through your body. The hobgoblin misses you.
The goblin hits you with a +0 dagger.
* * * LOW HITPOINT WARNING * * *
You are too injured to fight recklessly!
Casting: Sandblast (safe; 4% risk of failure)
Confirm with . or Enter, or press ? or * to list all spells.
Aiming: Sandblast (safe; 4% risk of failure)
Press: ? - help, Shift-Dir - straight line, f - goblin, p - hobgoblin
Aim: a goblin, wielding a +2 dagger of venom (77% to hit)
The blast of sand hits the goblin.
You kill the goblin!
Robin shouts!
You hear a shout!
The hobgoblin hits you.
* * * LOW HITPOINT WARNING * * *
A goblin comes into view. It is wielding a +0 dagger.
The hobgoblin hits you.
You die...

.#. ######..... :..
#...##.....
#.###....#...##
#...#.........##
#..............###.
#.................
########.........[..#.##
........................
#######..#......@gg...##
...r##...##.)gg####
#.............##)#
>..###########.. )# #.
###..g . .##. . .# .


You could see a hobgoblin and 4 goblins.

Vanquished Creatures
  2 dart slugs (D:1)
  3 bats (D:1)
  3 endoplasms (D:1)
  2 giant cockroaches (D:1)
  4 hobgoblins
  2 quokkas (D:1)
  3 ball pythons (D:1)
  2 frilled lizards (D:1)
  7 goblins
  4 kobolds (D:1)
  4 rats (D:1)
36 creatures vanquished.

Notes
Turn   | Place    | Note
-------+----------+-------------------------------------------
     0 | D:1      | fireball365 the Demigod Earth Elementalist began the quest
                  | for the Orb.
     0 | D:1      | Reached XP level 1. HP: 14/14 MP: 5/5
   408 | D:1      | Reached XP level 2. HP: 9/20 MP: 3/7
   661 | D:1      | Reached skill level 3 in Earth Magic
  1244 | D:2      | Reached XP level 3. HP: 22/26 MP: 7/9
  1254 | D:2      | Noticed Robin
  1257 | D:2      | HP: 1/26 [hobgoblin[Robin] (4)]
  1257 | D:2      | Slain by a hobgoblin

Illustrated notes

Levels and vault maps discovered:
D:1:      grunt_arrival_lava_bath, layout_loops_corners,
          chequers_serial_rivers_micro_b
D:2:      layout_rooms, basic_ecumenical_altar, minmay_misc_feat_cross,
          guppyfry_early_orc_mine, uniq_robin, uniq_natasha

Skill      XL: |  1  2 |
---------------+-------+-----
Spellcasting   | 2 |  2.4
Earth Magic    | 3 |  3.2
Dodging        | 2 |  2.0
Stealth        | 2 |  2.0
Fighting       | |  0.1
Transmutations | |  0.8

Action                   || total
-------------------------++-------
Melee: Unarmed           ||     4
       Hand axe          ||     2
 Cast: Sandblast         ||    44
  Use: Potion            ||     3
 Stab: Sleeping          ||     1
Armor: Robe              ||     6
Dodge: Dodged            ||    31
